 Dungeon Crawl Stone Soup version 0.28.0-62-gf88900778d (webtiles) character file.

Game seed: 9338786807527455902

88426 Froggeryz the Thaumaturge (level 15, -2/134 HPs)
             Began as a Gnoll Wanderer on Apr 18, 2023.
             Was a Believer of Ashenzari.
             Slain by a broodmother (8 damage)
             ... on level 1 of the Spider Nest on June 2, 2023.
             The game lasted 01:13:35 (28824 turns).

Froggeryz the Thaumaturge (Gnoll Wanderer)         Turns: 28824, Time: 01:13:36

Health: -2/134     AC: 12    Str: 11    XL:     15   Next: 93%
Magic:  30/32      EV: 17    Int: 19    God:    Ashenzari [**....]
Gold:   1738       SH:  7    Dex: 15    Spells: 27/41 levels left

rFire   + + +      SeeInvis +   b - +3 broad axe (elec)
rCold   . . .      Faith    .   p - +0 buckler {rF+}
rNeg    + . .      Spirit   .   Q - +0 troll leather armour
rPois   .          Reflect  .   v - +1 helmet of Panopticon {rF+, Fort, Bglg} (curse)
rElec   .          Harm     .   t - +1 cloak "Omniscient Agnosticism" {Stlth+, Evo, Bglg} (curse)
rCorr   +          Rampage  .   L - +2 pair of gloves "Visionary of Ashenzari" {Dex+3, Self, Cun} (curse)
Will    +....                   (no boots)
Stlth   ++++++....              D - amulet of magic regeneration
HPRegen 1.12/turn               j - ring of the Distant Affliction {Fly rF+ rN+ rCorr, Bglg, Cun} (curse)
MPRegen 0.63/turn               U - +4 ring of slaying

@: lethally poisoned (-2 -> -3), freezing walls, flying
A: fangs 1, strong nose, distributed training, deformed body, robust 1
a: Renounce Religion, Shatter the Chains


You were on level 1 of the Spider Nest.
You worshipped Ashenzari.
Ashenzari was pleased with you.
You visited 5 branches of the dungeon, and saw 25 of its levels.
You also visited: Sewer, Bailey and Gauntlet.

You collected 2146 gold pieces.
You spent 408 gold pieces at shops.

Inventory:

Hand Weapons
 b - a +3 broad axe of electrocution (weapon)
Missiles
 d - 2 throwing nets
 q - 25 poisoned darts (quivered)
 G - 27 boomerangs
 J - 3 boomerangs of dispersal
 T - a curare-tipped dart
 V - 7 javelins
Armour
 h - a +2 helmet of see invisible
 p - a +0 buckler of fire resistance (worn)
 t - the cursed +1 cloak "Omniscient Agnosticism" (worn) {Stlth+, Evo, Bglg}
   (You took it off Crazy Yiuf on level 3 of the Dungeon)

   It has a curse which improves the following skills: Evocations: Evocations.
   Beguiling: Conjurations, Hexes and Translocations.
 v - the cursed +1 helmet of Panopticon (worn) {rF+, Fort, Bglg}
   (You found it on level 8 of the Dungeon)

   rF:        It protects you from fire.
   It has a curse which improves the following skills: Fortitude: Armour and
   Shields.
   Beguiling: Conjurations, Hexes and Translocations.
 L - the cursed +2 pair of gloves "Visionary of Ashenzari" (worn) {Dex+3, Self, Cun}
   (You found it on level 8 of the Dungeon)

   It has a curse which improves the following skills: Introspection: Fighting
   and Spellcasting.
   Cunning:   Dodging and Stealth.
 Q - a +0 troll leather armour (worn)
Magical Staves
 O - a staff of fire
 P - a staff of air
 Z - a staff of poison
Jewellery
 j - the cursed ring of the Distant Affliction (left hand) {Fly rF+ rN+ rCorr, Bglg, Cun}
   (You found it in a Gauntlet)

   [ring of flight]

   rF:        It protects you from fire.
   rN:        It protects you from negative energy.
   Fly:       It grants you flight.
   rCorr:     It protects you from acid and corrosion.
   It has a curse which improves the following skills: Beguiling: Conjurations,
   Hexes and Translocations.
   Cunning:   Dodging and Stealth.
 o - a ring of fire
 s - a +4 ring of slaying
 D - an amulet of magic regeneration (around neck)
 U - a +4 ring of slaying (right hand)
 W - a ring of poison resistance
Wands
 k - a wand of digging (7)
 H - a wand of charming (3)
 K - a wand of iceblast (8)
 R - a wand of mindburst (16)
 Y - a wand of paralysis (3)
Scrolls
 a - 2 scrolls of enchant weapon
 c - 5 scrolls of fog
 f - 18 scrolls of teleportation
 i - 4 scrolls of enchant armour
 w - 5 scrolls of fear
 z - 2 scrolls of brand weapon
 F - 3 scrolls of amnesia
 M - 5 scrolls of magic mapping
 N - a scroll of blinking
 S - a scroll of holy word
 X - 2 scrolls of summoning
Potions
 e - a potion of cancellation
 l - a potion of resistance
 m - 3 potions of might
 n - 4 potions of ambrosia
 r - a potion of brilliance
 u - 2 potions of berserk rage
 x - 2 potions of magic
 A - 3 potions of mutation
 B - 6 potions of haste
 C - 7 potions of curing
 E - 3 potions of invisibility
 I - a potion of heal wounds
Miscellaneous
 g - a box of beasts
 y - a phantom mirror


   Skills:
 + Level 11.4(12.6) Fighting
 + Level 10.5 Short Blades
 + Level 10.5 Long Blades
 + Level 10.5 Axes
 + Level 10.5 Maces & Flails
 + Level 10.5 Polearms
 + Level 10.5 Staves
 + Level 10.5 Slings
 + Level 10.5 Bows
 + Level 10.5 Crossbows
 + Level 10.5 Throwing
 + Level 10.8(12.0) Armour
 + Level 10.8(12.6) Dodging
 + Level 10.5(12.3) Stealth
 + Level 10.5(11.7) Shields
 + Level 10.5 Unarmed Combat
 + Level 12.6(13.7) Spellcasting
 + Level 8.8(11.3) Conjurations
 + Level 8.8(11.3) Hexes
 + Level 8.8 Summonings
 + Level 8.8 Necromancy
 + Level 8.8(11.3) Translocations
 + Level 8.8 Transmutations
 + Level 8.8 Fire Magic
 + Level 10.4 Ice Magic
 + Level 8.8 Air Magic
 + Level 8.8 Earth Magic
 + Level 8.8 Poison Magic
 + Level 11.4 Invocations
 + Level 10.5(11.7) Evocations


You had 27 spell levels left.
You knew the following spells:

 Your Spells              Type           Power      Damage    Failure   Level
a - Freeze                Ice            100%       1d11      1%          1
b - Blink                 Tloc           100%       N/A       1%          2
c - Frozen Ramparts       Ice            100%       1d12      1%          3
d - Summon Guardian Gole  Hex/Summ       51%        N/A       1%          3
e - Summon Forest         Summ/Tloc      25%        N/A       3%          5

Your spell library contained the following spells:

 Spells                   Type           Power      Damage    Failure   Level
 Foxfire                  Conj/Fire      100%       2x1d9     1%          1
 Shock                    Conj/Air       100%       1d9       1%          1
 Summon Small Mammal      Summ           100%       N/A       1%          1
 Corpse Rot               Necr/Air       92%        N/A       1%          2
 Ensorcelled Hibernation  Hex/Ice        100%       N/A       1%          2
 Sublimation of Blood     Necr           46%        N/A       1%          2
 Wereblood                Tmut           46%        N/A       1%          2
 Call Canine Familiar     Summ           46%        N/A       1%          3
 Conjure Flame            Conj/Fire      51%        6-21      1%          3
 Gell's Gravitas          Tloc           54%        N/A       1%          3
 Inner Flame              Hex/Fire       51%        N/A       1%          3
 Lesser Beckoning         Tloc           54%        N/A       1%          3
 Ozocubu's Armour         Ice            51%        N/A       1%          3
 Teleport Other           Tloc           54%        N/A       1%          3
 Dispel Undead            Necr           46%        3d18      1%          4
 Flame Wave               Conj/Fire      51%        2d10      1%          4
 Hailstorm                Conj/Ice       53%        3d12      1%          4
 Ice Form                 Ice/Tmut       49%        N/A       1%          4
 Summon Ice Beast         Ice/Summ       49%        N/A       1%          4
 Manifold Assault         Tloc           54%        N/A       1%          5
 Metabolic Englaciation   Hex/Ice        26%        N/A       2%          5
 Simulacrum               Ice/Necr       24%        N/A       22%         6
 Death Channel            Necr           23%        N/A       30%         6
 Eringya's Noxious Bog    Tmut/Pois      23%        N/A       30%         6
 Storm Form               Tmut/Air       23%        N/A       86%         7
 Summon Hydra             Summ           23%        N/A       86%         7


Dungeon Overview and Level Annotations

Branches:
Dungeon (15/15)            Temple (1/1) D:7            Lair (6/6) D:9
 Shoals (0/4) Lair:4       Spider (1/4) Lair:3        Slime (0/5) Lair:6
    Orc (2/2) D:11            Elf (0/3) Orc:2        Vaults (0/5) D:13
 Depths (0/4) D:15          Sewer (visited)          Bailey (visited)
Gauntlet (visited)

Altars:
Ashenzari
Cheibriados
Dithmenos
Elyvilon
Fedhas
Gozag
Hepliaklqana
Kikubaaqudgha
Makhleb
Nemelex Xobeh
Okawaru
Qazlal
Ru
Sif Muna
Trog
Vehumet
Wu Jian
Xom
Yredelemnul
Zin
The Shining One
Beogh
Jiyva

Shops:
D:2 (   D:9 (   D:10 (   D:11 [   D:14 =   Orc:1 (   Orc:2 !*[*

Portals:
Abyss: Lair:2

Annotations:
Lair:2 2 transporters, AarnesTheHuman's ghost, journeyman HOFi


Innate Abilities, Weirdness & Mutations

You have very sharp teeth.
Your uncanny sense of smell can sniff out nearby items.
Your experience applies equally to all skills.
Armour fits poorly on your strangely shaped body.
You are robust. (+10% HP)


Message History

You block the wolf spider's attack.
The wall freezes the wolf spider.
The wolf spider hits you.
* * * LOW HITPOINT WARNING * * *
The wolf spider closely misses you.
The wall freezes the broodmother!
The broodmother barely misses you.
The wall freezes the wolf spider.
The wolf spider hits you but does no damage.
You block the wolf spider's attack.
The wall freezes the wolf spider.
The wolf spider hits you.
* * * LOW HITPOINT WARNING * * *
You block the wolf spider's attack.
Casting: Freeze (safe; 1% risk of failure)
Confirm with . or Enter, or press ? or * to list all spells.
Aiming: Freeze (safe; 1% risk of failure)
Press: ? - help, Shift-Dir - straight line, f/p - broodmother
Aim: a broodmother (almost dead)
You freeze the broodmother.
The broodmother is almost dead.
You feel sick.
The wall freezes the wolf spider.
You block the wolf spider's attack. The wolf spider barely misses you.
The wall freezes the wolf spider.
You kill the wolf spider!
The wolf spider's corpse disappears in a puff of smoke!
The wall freezes the wolf spider.
The wolf spider misses you. You block the wolf spider's attack.
The wall freezes the broodmother!
The broodmother summons a spider!
The wall freezes the wolf spider.
Casting: Freeze (safe; 1% risk of failure)
Confirm with . or Enter, or press ? or * to list all spells.
Aiming: Freeze (safe; 1% risk of failure)
Press: ? - help, Shift-Dir - straight line, f/p - broodmother
Aim: a broodmother (almost dead)
You freeze the broodmother!
The broodmother is almost dead.
You feel sick.
The broodmother is healed somewhat.
The wall freezes the wolf spider.
The wolf spider hits you!
* * * LOW HITPOINT WARNING * * *
You block the wolf spider's attack.
The wall freezes the wolf spider.
The wolf spider barely misses you. The wolf spider bites you.
* * * LOW HITPOINT WARNING * * *
The wall freezes the broodmother.
The broodmother bites you!
You die...

### ##################
#.####.......##........
##.#....................
#.#..............#######
, #.##....^..###...# *
##.########## #...# *
#.## #..## ### * #.#
##s@###.(..$ .######
*#.sss....... ......##
#....s....... .......#*
##..s.......# ........
###........# ........
##......## #.......,
##.....# .^...... , *
#...## ........ , ***
...#


You could see a broodmother, 3 wolf spiders, a culicivora and a tarantella
(summoned).

Vanquished Creatures
  An orc warlord (Bailey)
  An entropy weaver (Gauntlet)
  A minotaur (Gauntlet)
  An ettin (D:15)
  8 hydras
  3 catoblepae (Lair:6)
  2 boulder beetles
  5 centaur warriors
  3 two-headed ogres
  2 tengu warriors
  15 death yaks
  4 orc high priests (Orc:2)
  A deep troll (shapeshifter) (D:14)
  A deep troll (D:15)
  A lindwurm (Lair:5)
  2 wizards (D:15)
  A necromancer (D:15)
  2 orc knights
  6 ugly things (D:14)
  2 deep elf pyromancers (D:14)
  An orc sorcerer (Orc:2)
  A wolf spider (D:13)
  A shining eye (Gauntlet)
  5 manticores
  5 cyclopes
  A torpor snail (Lair:5)
  3 black mambas
  2 unseen horrors (D:12)
  10 cane toads
  2 rime drakes
  8 komodo dragons
  2 tengu conjurers (D:9)
  A freezing wraith (D:15)
  An efreet (D:15)
  A wind drake (Lair:4)
  8 trolls
  3 meliai (D:15)
  2 polar bears (Lair:5)
  Grinder (D:5)
  A tarantella (Spider:1)
  A raiju (Gauntlet)
  9 slime creatures (D:12)
  7 blink frogs
  4 dream sheep (Lair:5)
  A raiju (shapeshifter) (D:14)
  2 shadows
  2 jumping spiders (Spider:1)
  3 culicivoras (Lair:3)
  A water elemental (D:12)
  A vampire (D:11)
  2 wraiths
  4 wyverns
  A basilisk (shapeshifter) (D:14)
  37 yaks
  6 basilisks
  8 vampire mosquitoes
  2 golden eyes (Gauntlet)
  A redback (Gauntlet)
  4 steam dragons
  Menkaure (D:5)
  2 wargs (Orc:1)
  Duvessa (D:6)
  2 ice beasts
  11 water moccasins
  5 black bears
  47 orc warriors
  2 necrophages (D:5)
  26 wolves
  12 ogres
  12 centaurs
  3 kobold brigands (D:11)
  11 bullfrogs
  4 gnoll sergeants
  3 scorpions
  A wyvern skeleton (D:5)
  Dowan (D:6)
  14 killer bees
  9 howler monkeys
  8 wights
  5 electric eels
  A bullfrog zombie (D:5)
  3 centaur zombies
  4 hounds
  Crazy Yiuf (D:3)
  27 orc priests
  2 iguanas
  Natasha (thrice) (D:3)
  36 orc wizards
  Terence (D:3)
  3 hound skeletons (D:5)
  A howler monkey zombie (D:9)
  11 adders
  25 gnolls
  A river rat (Sewer)
  3 shadow imps
  A white imp (D:6)
  3 worms
  5 dart slugs
  97 orcs
  6 endoplasms
  3 giant cockroaches
  22 goblins
  11 hobgoblins
  2 jackals (D:2)
  5 quokkas
  18 ball pythons
  2 bats
  4 frilled lizards
  7 kobolds
  25 rats
  2 butterflies (Lair:4)
732 creatures vanquished.

Vanquished Creatures (collateral kills)
  A centaur skeleton (D:5)
1 creature vanquished.

Vanquished Creatures (others)
  A troll (D:10)
  25 fungi
  56 plants
82 creatures vanquished.

Grand Total: 815 creatures vanquished

Notes
Turn   | Place    | Note
-------+----------+-------------------------------------------
     0 | D:1      | Froggeryz the Gnoll Wanderer began the quest for the Orb.
     0 | D:1      | Froggeryz set off with the following items: a +0 dagger, a
                  | +0 robe, a scroll of fog; and the following spells
                  | available to memorise: Freeze, Ozocubu's Armour,
                  | Ensorcelled Hibernation, Shock, Conjure Flame
     0 | D:1      | Reached XP level 1. HP: 20/20 MP: 8/8
     2 | D:1      | Learned a level 1 spell: Freeze
   209 | D:1      | Reached XP level 2. HP: 13/26 MP: 8/10
   782 | D:1      | Reached XP level 3. HP: 20/31 MP: 11/11
  1100 | D:1      | Found a hazy altar of Hepliaklqana.
  1237 | D:2      | Reached skill level 1 in Invocations
  1340 | D:2      | Reached skill level 1 in Short Blades
  1340 | D:2      | Reached skill level 1 in Long Blades
  1340 | D:2      | Reached skill level 1 in Axes
  1340 | D:2      | Reached skill level 1 in Maces & Flails
  1340 | D:2      | Reached skill level 1 in Polearms
  1340 | D:2      | Reached skill level 1 in Staves
  1340 | D:2      | Reached skill level 1 in Slings
  1340 | D:2      | Reached skill level 1 in Bows
  1340 | D:2      | Reached skill level 1 in Crossbows
  1340 | D:2      | Reached skill level 1 in Throwing
  1340 | D:2      | Reached skill level 1 in Stealth
  1340 | D:2      | Reached skill level 1 in Shields
  1340 | D:2      | Reached skill level 1 in Unarmed Combat
  1340 | D:2      | Reached skill level 1 in Evocations
  1556 | D:2      | Found Soadam's Antique Weapon Shoppe.
  1777 | D:2      | Reached XP level 4. HP: 26/38 MP: 13/13
  2491 | D:3      | Noticed Natasha
  2496 | D:3      | Killed Natasha
  2497 | D:3      | Reached skill level 1 in Conjurations
  2497 | D:3      | Reached skill level 1 in Hexes
  2497 | D:3      | Reached skill level 1 in Summonings
  2497 | D:3      | Reached skill level 1 in Necromancy
  2497 | D:3      | Reached skill level 1 in Translocations
  2497 | D:3      | Reached skill level 1 in Transmutations
  2497 | D:3      | Reached skill level 1 in Fire Magic
  2497 | D:3      | Reached skill level 1 in Air Magic
  2497 | D:3      | Reached skill level 1 in Earth Magic
  2497 | D:3      | Reached skill level 1 in Poison Magic
  2570 | D:3      | Noticed Natasha
  2584 | D:3      | Killed Natasha
  2585 | D:3      | Reached XP level 5. HP: 21/43 MP: 14/14
  3300 | D:3      | Learned a level 2 spell: Blink
  3344 | D:3      | Reached XP level 6. HP: 46/50 MP: 13/16
  3420 | D:3      | Noticed Natasha
  3429 | D:3      | Killed Natasha
  3565 | D:3      | Noticed Terence
  3614 | D:3      | Found a runed translucent door.
  3615 | D:3      | Noticed Crazy Yiuf
  3791 | D:3      | Found a faded altar of an unknown god.
  3977 | D:3      | Killed Crazy Yiuf
  3978 | D:3      | Reached skill level 5 in Fighting
  4093 | D:3      | Killed Terence
  4277 | D:4      | Found a glowing drain.
  4281 | Sewer    | Entered a sewer
  4736 | Sewer    | Reached XP level 7. HP: 47/56 MP: 16/18
  5678 | D:5      | Entered Level 5 of the Dungeon
  5687 | D:5      | Found a radiant altar of Vehumet.
  5883 | D:5      | Noticed Menkaure
  5892 | D:5      | Killed Menkaure
  5893 | D:5      | Reached XP level 8. HP: 63/63 MP: 19/19
  6366 | D:5      | Learned a level 3 spell: Frozen Ramparts
  6651 | D:5      | Reached skill level 8 in Spellcasting
  7171 | D:6      | Noticed Duvessa
  7172 | D:6      | Noticed Grinder
  7172 | D:6      | Noticed Dowan
  7172 | D:6      | Paralysed by Grinder for 7 turns
  7198 | D:6      | Killed Dowan
  7199 | D:6      | Killed Duvessa
  7252 | D:6      | Paralysed by Grinder for 5 turns
  7261 | D:5      | Reached XP level 9. HP: 47/66 MP: 19/21
  7361 | D:5      | Paralysed by Grinder for 6 turns
  7376 | D:5      | Killed Grinder
  7782 | D:6      | Reached skill level 5 in Armour
  7782 | D:6      | Reached skill level 5 in Dodging
  7951 | D:6      | Found a shimmering altar of Xom.
  8436 | D:6      | Found an ornate altar of the Wu Jian Council.
  8735 | D:6      | Found a hazy altar of Hepliaklqana.
  9277 | D:7      | Found a staircase to the Ecumenical Temple.
  9288 | D:7      | Reached skill level 5 in Invocations
  9291 | Temple   | Entered the Ecumenical Temple
  9467 | Temple   | Became a worshipper of Ashenzari the Shackled
 10615 | D:8      | Reached XP level 10. HP: 56/76 MP: 20/22
 10843 | D:8      | Found a snail-covered altar of Cheibriados.
 10997 | D:8      | Reached skill level 5 in Short Blades
 10997 | D:8      | Reached skill level 5 in Long Blades
 10997 | D:8      | Reached skill level 5 in Axes
 10997 | D:8      | Reached skill level 5 in Maces & Flails
 10997 | D:8      | Reached skill level 5 in Polearms
 10997 | D:8      | Reached skill level 5 in Staves
 10997 | D:8      | Reached skill level 5 in Slings
 10997 | D:8      | Reached skill level 5 in Bows
 10997 | D:8      | Reached skill level 5 in Crossbows
 10997 | D:8      | Reached skill level 5 in Throwing
 10997 | D:8      | Reached skill level 5 in Stealth
 10997 | D:8      | Reached skill level 5 in Shields
 10997 | D:8      | Reached skill level 5 in Unarmed Combat
 10997 | D:8      | Reached skill level 5 in Evocations
 11050 | D:8      | Identified the +1 helmet "Hash" {rF+}
 11440 | D:8      | Found a runed translucent door.
 11891 | D:9      | Found a flagged portal.
 11900 | Bailey   | Entered a bailey
 11965 | Bailey   | Noticed an orc knight
 11984 | Bailey   | Reached skill level 9 in Spellcasting
 12042 | Bailey   | Killed an orc knight
 12617 | Bailey   | Noticed an orc warlord
 12777 | Bailey   | Reached XP level 11. HP: 60/84 MP: 24/24
 12972 | Bailey   | Reached skill level 5 in Conjurations
 12972 | Bailey   | Reached skill level 5 in Hexes
 12972 | Bailey   | Reached skill level 5 in Summonings
 12972 | Bailey   | Reached skill level 5 in Necromancy
 12972 | Bailey   | Reached skill level 5 in Translocations
 12972 | Bailey   | Reached skill level 5 in Transmutations
 12972 | Bailey   | Reached skill level 5 in Fire Magic
 12972 | Bailey   | Reached skill level 5 in Air Magic
 12972 | Bailey   | Reached skill level 5 in Earth Magic
 12972 | Bailey   | Reached skill level 5 in Poison Magic
 12972 | Bailey   | Reached XP level 12. HP: 93/93 MP: 25/25
 13018 | Bailey   | Killed an orc warlord
 13019 | Bailey   | Reached skill level 10 in Spellcasting
 13398 | D:9      | Found Cygotteu's Weapon Shoppe.
 14373 | D:9      | Found a staircase to the Lair.
 14702 | D:10     | Entered Level 10 of the Dungeon
 14718 | D:9      | Reached * piety under Ashenzari
 14772 | D:9      | Learned a level 3 spell: Summon Guardian Golem
 14816 | D:10     | Found Rieshrefo's Weapon Shoppe.
 15368 | D:11     | Noticed a two-headed ogre
 15375 | D:11     | Killed a two-headed ogre
 15672 | D:11     | Found a staircase to the Orcish Mines.
 15693 | D:11     | Found Cheibriados's Comfort Zone.
 15693 | D:11     | Found a snail-covered altar of Cheibriados.
 16155 | D:11     | Noticed a tengu warrior
 16172 | D:11     | Killed a tengu warrior
 16173 | D:11     | Reached XP level 13. HP: 33/103 MP: 25/28
 17656 | D:13     | Found a gate leading to a gauntlet.
 17660 | Gauntlet | Entered a Gauntlet
 17660 | Gauntlet | Found a transporter.
 17719 | Gauntlet | Found a transporter.
 17734 | Gauntlet | Found a transporter.
 17738 | Gauntlet | Noticed an entropy weaver
 17740 | Gauntlet | Found a transporter.
 17756 | Gauntlet | Identified the ring of the Duchess {Fly rF+ rN+ rCorr}
 17757 | Gauntlet | Found a transporter.
 17772 | Gauntlet | Noticed an entropy weaver
 17775 | Gauntlet | Found a transporter.
 17787 | Gauntlet | Found a transporter.
 17799 | Gauntlet | Found a transporter.
 17811 | Gauntlet | Found a transporter.
 17815 | Gauntlet | Noticed a green death
 17819 | Gauntlet | Found a large runed translucent door.
 17820 | Gauntlet | Found a large runed translucent door.
 17821 | Gauntlet | Found a large runed translucent door.
 17821 | Gauntlet | Found a large runed translucent door.
 17822 | Gauntlet | Found a runed translucent gate.
 17822 | Gauntlet | Identified the +10 scythe of Valuable Assets {pain, rC+
                  | Will- Str+7}
 17823 | Gauntlet | Found a transporter.
 17823 | Gauntlet | Found a runed translucent gate.
 17824 | Gauntlet | Found a runed translucent gate.
 17824 | Gauntlet | Identified the +1 pair of boots "Boetyril" {-Cast rPois
                  | rCorr Str+7}
 17825 | Gauntlet | Found a large runed translucent door.
 17825 | Gauntlet | Found a large runed translucent door.
 17826 | Gauntlet | Found a large runed translucent door.
 17827 | Gauntlet | Found a large runed translucent door.
 17836 | Gauntlet | Found a large runed translucent door.
 17836 | Gauntlet | Found a large runed translucent door.
 17836 | Gauntlet | Found a runed translucent door.
 17836 | Gauntlet | Found a runed translucent door.
 17837 | Gauntlet | Found a large runed translucent door.
 17838 | Gauntlet | Found a large runed translucent door.
 17840 | Gauntlet | Found a transporter.
 17848 | Gauntlet | Found a large runed translucent door.
 17848 | Gauntlet | Found a large runed translucent door.
 17849 | Gauntlet | Found a large runed translucent door.
 17850 | Gauntlet | Found a large runed translucent door.
 17858 | Gauntlet | Found a transporter.
 17860 | Gauntlet | Found a transporter.
 17888 | Gauntlet | Found a transporter.
 17890 | Gauntlet | Found a transporter.
 17892 | Gauntlet | Found a transporter.
 17919 | Gauntlet | Found a transporter.
 17921 | Gauntlet | Found a transporter.
 17975 | Gauntlet | Gained mutation: Armour fits poorly on your strangely
                  | shaped body. [a shining eye]
 17982 | Gauntlet | Gained mutation: You sometimes lose the ability to read
                  | scrolls when taking damage. [a shining eye]
 17985 | Gauntlet | Lost mutation: You sometimes lose the ability to read
                  | scrolls when taking damage. [potion of mutation]
 17985 | Gauntlet | Lost mutation: Armour fits poorly on your strangely shaped
                  | body. [potion of mutation]
 17985 | Gauntlet | Gained mutation: Armour fits poorly on your strangely
                  | shaped body. [potion of mutation]
 17985 | Gauntlet | Gained mutation: You are robust. (+10% HP) [potion of
                  | mutation]
 18029 | Gauntlet | HP: 5/114 [entropy weaver (7)]
 18035 | Gauntlet | Killed an entropy weaver
 18036 | Gauntlet | Reached skill level 11 in Spellcasting
 18144 | Gauntlet | Noticed a minotaur
 18150 | Gauntlet | Killed a minotaur
 18240 | D:13     | Found a gate to the Vaults.
 18257 | D:13     | HP: 5/114 [+7 long sword (16)]
 18430 | Lair:1   | Entered Level 1 of the Lair of Beasts
 19217 | Lair:2   | Noticed a cacodemon
 19220 | Lair:2   | Found a one-way gate to the infinite horrors of the Abyss.
 19220 | Lair:2   | Noticed AarnesTheHuman's ghost (journeyman HOFi)
 19224 | Lair:2   | Noticed a rakshasa
 19293 | Lair:2   | Found a transporter.
 19295 | Lair:2   | Found a transporter.
 20043 | Lair:2   | Reached ** piety under Ashenzari
 20050 | Lair:2   | Learned a level 5 spell: Summon Forest
 20197 | Lair:3   | Found a hole to the Spider Nest.
 20252 | Lair:3   | Identified the +1 hand axe of Quick Death {vorpal, Dex+2}
 20362 | Lair:3   | Reached XP level 14. HP: 124/124 MP: 30/30
 20491 | Lair:3   | Reached skill level 10 in Fighting
 21111 | Lair:4   | Found a staircase to the Shoals.
 21205 | Lair:5   | Found a burning altar of Makhleb.
 21501 | Lair:4   | Reached skill level 10 in Invocations
 22582 | Lair:6   | Entered Level 6 of the Lair of Beasts
 22606 | Lair:6   | Found a basalt altar of Yredelemnul.
 22641 | Lair:6   | Found a staircase to the Slime Pits.
 22642 | Lair:6   | Found a viscous altar of Jiyva.
 23236 | Lair:6   | Reached skill level 10 in Armour
 23236 | Lair:6   | Reached skill level 10 in Dodging
 23337 | Lair:6   | Reached skill level 12 in Spellcasting
 23337 | Lair:6   | Reached XP level 15. HP: 86/132 MP: 32/32
 24385 | Orc:1    | Entered Level 1 of the Orcish Mines
 24418 | Orc:1    | Reached skill level 10 in Ice Magic
 24516 | Orc:2    | Entered Level 2 of the Orcish Mines
 24682 | Orc:1    | Found a burning altar of Makhleb.
 24834 | Orc:2    | Reached skill level 10 in Short Blades
 24834 | Orc:2    | Reached skill level 10 in Long Blades
 24834 | Orc:2    | Reached skill level 10 in Axes
 24834 | Orc:2    | Reached skill level 10 in Maces & Flails
 24834 | Orc:2    | Reached skill level 10 in Polearms
 24834 | Orc:2    | Reached skill level 10 in Staves
 24834 | Orc:2    | Reached skill level 10 in Slings
 24834 | Orc:2    | Reached skill level 10 in Bows
 24834 | Orc:2    | Reached skill level 10 in Crossbows
 24834 | Orc:2    | Reached skill level 10 in Throwing
 24834 | Orc:2    | Reached skill level 10 in Stealth
 24834 | Orc:2    | Reached skill level 10 in Shields
 24834 | Orc:2    | Reached skill level 10 in Unarmed Combat
 24834 | Orc:2    | Reached skill level 10 in Evocations
 24878 | Orc:2    | Found Fant's Armour Emporium.
 24878 | Orc:2    | Found Higit's General Store.
 24894 | Orc:2    | Found Ruopleis's General Store.
 24898 | Orc:2    | Found Huin's Distillery.
 24946 | Orc:2    | Bought a potion of curing for 30 gold pieces
 24947 | Orc:2    | Bought a scroll of teleportation for 54 gold pieces
 24947 | Orc:2    | Bought a scroll of teleportation for 54 gold pieces
 24947 | Orc:2    | Bought a scroll of magic mapping for 63 gold pieces
 24947 | Orc:2    | Bought a +0 buckler of fire resistance for 207 gold pieces
 25409 | Orc:2    | Found a staircase to the Elven Halls.
 25675 | Orc:1    | Found the +4 robe of Folly {Brilliance Will-∞ Int+8}
 25721 | Orc:1    | Found Zulloh's Weapon Shoppe.
 27068 | D:14     | Found Hucret's Jewellery Shoppe.
 27399 | D:15     | Entered Level 15 of the Dungeon
 28094 | D:15     | Found a staircase to the Depths.
 28753 | Spider:1 | Entered Level 1 of the Spider Nest
 28824 | Spider:1 | HP: 6/134 [wolf spider[a broodmother] (1)]
 28824 | Spider:1 | Slain by a broodmother

Illustrated notes

Levels and vault maps discovered:
D:1:      dpeg_arrival_lava_altar, layout_loops_ring
D:2:      layout_loops_ring, serial_shops, shop_statue, minmay_pentomino_x4
D:3:      layout_basic, hellmonk_ecumenical_altar_crossroads, st_stairs_7,
          grunt_ministairs_1, minivault_14, uniq_natasha, uniq_terence,
          uniq_crazy_yiuf_cottage
D:4:      layout_cave_pools, gup_sewer_entry_bowl
D:5:      layout_gridville, general_overflow_altar, uniq_menkaure
D:6:      layout_loops_ring, mainiacjoe_overflow_big_doors, xom_confusion_cloud,
          uniq_grinder, uniq_duvessa
D:7:      layout_cave_pods, minmay_temple_entry_proselytizer
D:8:      layout_basic, kennysheep_slug_shrine, grunt_decor_clamped,
          hangedman_abyss_or_decor_passed, st_stairs_11, lightli_church_of_beogh
D:9:      layout_grid_maze, erik_lair_dragon, enter_bailey_2, serial_shops,
          nicolae_shop_trees
D:10:     layout_rooms, serial_shops, nicolae_shop_bloodbath_and_beyond
D:11:     layout_basic, kennysheep_orc_monster_closet_entryway,
          hangedman_decor_diamond_cutter, minmay_shop_chei
D:12:     layout_basic
D:13:     cheibrodos_elevator_heist, layout_small_grid, erik_vaults_1,
          gauntlet_entry_generic
D:14:     layout_basic, nicolae_cairo_tiling, serial_shops, shop
D:15:     hangedman_depths_entry_civil_slaughter, layout_long_grid,
          lightli_corner_chamber
Temple:   bh_familiar_temple
Lair:1:   layout_regular_city, serial_bayou_lagoon_b
Lair:2:   layout_cave_pods, gammafunk_ghost_abyssal_escape,
          chequers_serial_rivers_marsh, infiniplex_staircase_pool_2
Lair:3:   layout_loops_ring, hellmonk_spider_entry_life_and_decay,
          nicolae_quartered_pool_medium, infiniplex_staircase_pool,
          serial_bayou_shore_a
Lair:4:   layout_misc_corridors, minmay_shoals_entry_beasts, lemuel_fruit_fields
Lair:5:   layout_regular_city, basic_altar, grunt_megastairs_4
Lair:6:   evilmike_catoblepas_cave, layout_loops_ring, slime_altar_1,
          lemuel_altar_in_water2, serial_bayou_shore_b, grunt_megastairs_3
Spider:1: layout_cave_pods, ebering_ghost_reflecting_pool,
          hellmonk_motheaten_closet
Orc:1:    layout_diamond_mine, serial_shops, shop,
          dreamdust_deal_with_the_devil, hangedman_feature_mirror
Orc:2:    st_orc_mages, layout_caves

Skill      XL: |  1  2  3  4  5  6  7  8  9 10 11 12 13 14 15 |
---------------+----------------------------------------------+-----
Invocations    | 1 2 3 4 5 6 7 8 9 10 11 | 11.4
Short Blades   | 1 2 3 4 5 6 7 8 9 10 | 10.5
Long Blades    | 1 2 3 4 5 6 7 8 9 10 | 10.5
Axes           | 1 2 3 4 5 6 7 8 9 10 | 10.5
Maces & Flails | 1 2 3 4 5 6 7 8 9 10 | 10.5
Polearms       | 1 2 3 4 5 6 7 8 9 10 | 10.5
Staves         | 1 2 3 4 5 6 7 8 9 10 | 10.5
Slings         | 1 2 3 4 5 6 7 8 9 10 | 10.5
Bows           | 1 2 3 4 5 6 7 8 9 10 | 10.5
Crossbows      | 1 2 3 4 5 6 7 8 9 10 | 10.5
Throwing       | 1 2 3 4 5 6 7 8 9 10 | 10.5
Stealth        | 1 2 3 4 5 6 7 8 9 10 | 10.5
Shields        | 1 2 3 4 5 6 7 8 9 10 | 10.5
Unarmed Combat | 1 2 3 4 5 6 7 8 9 10 | 10.5
Evocations     | 1 2 3 4 5 6 7 8 9 10 | 10.5
Conjurations   | 1 2 3 4 5 6 7 8 |  8.8
Hexes          | 1 2 3 4 5 6 7 8 |  8.8
Summonings     | 1 2 3 4 5 6 7 8 |  8.8
Necromancy     | 1 2 3 4 5 6 7 8 |  8.8
Translocations | 1 2 3 4 5 6 7 8 |  8.8
Transmutations | 1 2 3 4 5 6 7 8 |  8.8
Fire Magic     | 1 2 3 4 5 6 7 8 |  8.8
Air Magic      | 1 2 3 4 5 6 7 8 |  8.8
Earth Magic    | 1 2 3 4 5 6 7 8 |  8.8
Poison Magic   | 1 2 3 4 5 6 7 8 |  8.8
Armour         | 3 4 5 6 7 8 9 10 | 10.8
Dodging        | 3 4 5 6 7 8 9 10 | 10.8
Fighting       | 5 6 7 8 9 10 11 | 11.4
Ice Magic      | 6 7 8 9 10 | 10.4
Spellcasting   | 8 9 10 11 12 | 12.6

Action                   |  1- 3 |  4- 6 |  7- 9 | 10-12 | 13-15 || total
-------------------------+-------+-------+-------+-------+-------++-------
Melee: Dagger            |    83 |   184 |   259 |   199 |     3 ||   728
       Bite              |     6 |    29 |    49 |    54 |   116 ||   254
       Punch             |     2 |     1 |    13 |     1 |       ||    17
       Quarterstaff      |       |       |    61 |    13 |       ||    74
       Scimitar          |       |       |       |    27 |       ||    27
       Broad axe         |       |       |       |   211 |   781 ||   992
Throw: Dart              |       |     9 |    46 |    73 |    83 ||   211
       Boomerang         |       |       |       |    14 |    12 ||    26
       Javelin           |       |       |       |       |     1 ||     1
 Cast: Freeze            |     8 |    21 |     9 |       |     7 ||    45
       Frozen Ramparts   |       |       |    21 |    56 |   100 ||   177
       Blink             |       |       |     1 |       |     2 ||     3
       Summon Guardian G |       |       |       |     1 |     3 ||     4
Invok: Curse Item        |       |       |       |     2 |     2 ||     4
Evoke: Wand              |       |       |       |     5 |    24 ||    29
  Use: Potion            |       |     4 |     2 |     1 |     3 ||    10
       Scroll            |       |     1 |     5 |    10 |     5 ||    21
 Stab: Sleeping          |     2 |     2 |     8 |     4 |    42 ||    58
       Distracted        |       |       |       |     1 |     3 ||     4
       Paralysed         |       |       |       |       |    10 ||    10
Armor: Robe              |    12 |    66 |    85 |       |       ||   163
       Steam dragon scal |       |       |    14 |    55 |       ||    69
       Troll leather arm |       |       |       |    99 |   252 ||   351
Dodge: Dodged            |    41 |   125 |   184 |   353 |   622 ||  1325
Block: Buckler           |       |       |       |   135 |   287 ||   422
